 Dungeon Crawl Stone Soup version 0.30-b1-2-g02819fbbbe (webtiles) character file.

Game seed: 4780482997225167145

79 Mesmaeker13 the Vexing (level 3, 0/27 HPs)
             Began as a Demigod Hexslinger on July 18, 2023.
             Slain by a gnoll
             ... wielding a +0 flail
              (11 damage)
             ... on level 1 of the Dungeon.
             The game lasted 00:03:57 (1601 turns).

Mesmaeker13 the Vexing (Demigod Hexslinger)         Turns: 1601, Time: 00:03:57

Health: 0/27       AC:  2    Str: 11    XL:     3   Next: 95%
Magic:  7/8        EV: 12    Int: 19    God:
Gold:   67         SH:  5    Dex: 14    Spells: 1/5 levels left

rFire   . . .        a - +1 sling
rCold   + . .        (no shield)
rNeg    . . .        c - +0 robe
rPois   .            (no helmet)
rElec   .            g - scarf {+Inv}
rCorr   .            (no gloves)
SInv    .            (no boots)
Will    .....        j - amulet of reflection
Stlth   +            m - ring of protection from cold
HPRegen 0.24/turn    (no ring)
MPRegen 0.11/turn

%: reflection
@: very slightly contaminated
A: high MP 1, forlorn, divine attributes
a: Evoke Invisibility


You were on level 1 of the Dungeon.
You visited 1 branch of the dungeon, and saw 2 of its levels.

You collected 67 gold pieces.

Inventory:

Hand Weapons
 a - a +1 sling (weapon)
 d - a +0 short sword
 s - a +0 spear
Missiles
 p - a throwing net
Armour
 c - a +0 robe (worn)
 g - a scarf of invisibility (worn)
Jewellery
 j - an amulet of reflection (around neck)
 m - a ring of protection from cold (left hand)
Scrolls
 b - a scroll of poison
 h - 4 scrolls of identify {unknown}
 l - a scroll of noise {unknown}
 n - a scroll of vulnerability {unknown}
 o - a scroll of blinking {unknown}
 q - a scroll of fog {unknown}
 r - a scroll of magic mapping {unknown}
Potions
 e - 3 potions of degeneration {unknown}
 f - a potion of haste {unknown}
 i - a potion of flight {unknown}
 k - 2 potions of heal wounds {unknown}


   Skills:
 - Level 0.8 Fighting
 + Level 2.4 Ranged Weapons
 + Level 2.4 Dodging
 + Level 1.7 Spellcasting
 + Level 3.2 Hexes
 + Level 0.7 Fire Magic


You had one spell level left.
You knew the following spells:

 Your Spells              Type           Power      Damage    Failure   Level
a - Slow                  Hex            56%        N/A       4%          1
b - Inner Flame           Hex/Fire       9%         N/A       24%         3

Your spell library contained the following spells:

 Spells                   Type           Power      Damage    Failure   Level
 Portal Projectile        Hex/Tloc       14%        N/A       26%         3
 Cause Fear               Hex            7%         N/A       41%         4


Dungeon Overview and Level Annotations

Branches:
Dungeon (2/15)


Innate Abilities, Weirdness & Mutations

You have an increased reservoir of magic. (+10% MP)
You shall have no god before yourself.
Your divine heritage dramatically boosts your attributes as you level up.


Message History

You now have 67 gold pieces (gained 15).
You see here a +0 club.
There is a stone staircase leading down here.
Casting: Slow (safe; 4% risk of failure)
Confirm with . or Enter, or press ? or * to list all spells.
Aiming: Slow (safe; 4% risk of failure)
Press: ? - help, Shift-Dir - straight line, f/p - gnoll
Aim: a gnoll, wielding a +0 flail (chance to affect: 56%)
The gnoll seems to slow down.
There is a stone staircase leading down here.
You shoot a sling bullet. The sling bullet hits the gnoll.
The gnoll is heavily wounded.
You shoot a sling bullet.
The sling bullet barely misses the gnoll.
You shoot a sling bullet.
The sling bullet barely misses the gnoll.
The gnoll is no longer moving slowly.
You shoot a sling bullet.
The sling bullet barely misses the gnoll.
You shoot a sling bullet.
The sling bullet closely misses the gnoll.
You block the gnoll's attack.
You shoot a sling bullet.
The sling bullet hits the gnoll but does no damage.
The gnoll is heavily wounded.
The gnoll hits you with a +0 flail.
You shoot a sling bullet.
The sling bullet completely misses the gnoll.
The gnoll hits you with a +0 flail!
You are too injured to fight recklessly!
You are too injured to fight recklessly!
Casting: Slow (safe; 4% risk of failure)
Confirm with . or Enter, or press ? or * to list all spells.
Aiming: Slow (safe; 4% risk of failure)
Press: ? - help, Shift-Dir - straight line, f/p - gnoll
Aim: a gnoll, wielding a +0 flail (heavily wounded, chance to affect: 56%)
You miscast Slow.
You are very lightly contaminated with residual magic.
Nothing appears to happen.
The gnoll hits you with a +0 flail!
You die...

............#.........#
............+.........#
............#.........#
....†...#####.........#
....)#..# ####.##+###
##.###..# #.##.#
.....#..# #.##.#
.#P#.#.## #g##.#
.....#.# #@##.#
##.###.# ###..#.##
_P...#.# ####.......#
##.###.# #..........#
.....#.# #..........#
P#.#.#.####.......#.>#
.....#...##.......####
##.###.#.#####.##..##
.....#.#.# ###'###..###


You could see a gnoll.

Vanquished Creatures
  3 gnolls
  An adder (D:2)
  5 ball pythons
  6 endoplasms
  3 giant cockroaches
  A hobgoblin (D:1)
  2 jackals (D:1)
  A quokka (D:2)
  A bat (D:1)
  4 frilled lizards
  5 goblins
  6 kobolds
  3 rats
41 creatures vanquished.

Vanquished Creatures (others)
  9 plants (D:1)
9 creatures vanquished.

Grand Total: 50 creatures vanquished

Notes
Turn   | Place    | Note
-------+----------+-------------------------------------------
     0 | D:1      | Mesmaeker13 the Demigod Hexslinger began the quest for the
                  | Orb.
     0 | D:1      | Reached XP level 1. HP: 15/15 MP: 4/4
   242 | D:1      | Reached XP level 2. HP: 22/22 MP: 6/6
   327 | D:1      | Reached skill level 3 in Hexes
   853 | D:2      | Reached XP level 3. HP: 26/27 MP: 7/7
   857 | D:2      | Learned a level 3 spell: Inner Flame
  1601 | D:1      | Slain by a gnoll

Illustrated notes

Levels and vault maps discovered:
D:1:      dpeg_arrival_orchard, layout_basic,
          shapermc_ecumenical_altar_mp_urbaneastern
D:2:      layout_basic, dk_vineyard_3

Skill      XL: |  1  2 |
---------------+-------+-----
Ranged Weapons | 2 |  2.4
Dodging        | 2 |  2.4
Hexes          | 3 |  3.2
Fighting       | |  0.8
Spellcasting   | |  1.7
Fire Magic     | |  0.7

Action                     || total
---------------------------++-------
  Melee: Short sword       ||     7
   Fire: Sling             ||   133
   Cast: Slow              ||    14
 Armour: Robe              ||    16
  Dodge: Dodged            ||    54
  Block: Other             ||    14
         Reflection        ||     1
